MWL (24 & UNDER)
COLUMBIA 08S @ LEE'S SUMMIT TIGERS
08/26/2024
 
TOP OF THE 1ST
Columbia 08s batting - Pitching for Lee's Summit Tigers : RHP Matthew Scott
Pitching: RHP Matthew Scott
Batting: RHB Jeffrey Hicks 0-0: Called Strike
0-1: Ball
1-1: SOLO HOME RUN (Line Drive, 7D), Distance : 373 ft
Batting: RHB Irving Galloway 0-0: Called Strike
0-1: Ground out 4-3 (Groundball, 4)
Batting: RHB Ricardo Salazar 0-0: Called Strike
0-1: Swinging Strike
0-2: Strikes out swinging
Batting: LHB Robert Moore 0-0: Ball
1-0: Foul Ball, location: 2F
1-1: Ball
2-1: Ball
3-1: Base on Balls
Batting: RHB Chris Jones 0-0: Called Strike
0-1: Fly out, F5 (Popup, 25F)
Top of the 1st over - 1 run(s), 1 hit(s), 0 error(s), 1 left on base; Columbia 1 - Lee's Summit 0
BOTTOM OF THE 1ST
Lee's Summit Tigers batting - Pitching for Columbia 08s : RHP Joe Wilson
Pitching: RHP Joe Wilson
Batting: SHB Shane Hutchinson 0-0: Ball
1-0: Ball
2-0: Called Strike
2-1: Fly out, F6 (Popup, 6D)
Batting: LHB Bill Frazier 0-0: Ball
1-0: Ball
2-0: DOUBLE (Line Drive, 8LXD)
Batting: RHB Ed Watkins 0-0: Swinging Strike
0-1: Ball
1-1: Ball
2-1: SINGLE (Groundball, 5D)
Bill Frazier to third
Throwing error, E7
Bill Frazier scores
Ed Watkins to second
Batting: LHB Ramiro Martínez 0-0: Called Strike
0-1: Ball
1-1: SINGLE (Groundball, 4MD)
Ed Watkins to third
Runner from 3rd tries for Home, SAFE, no throw or cutoff
Batting: LHB Alfredo Sánchez 0-0: Ball
1-0: Called Strike
1-1: Ball
Ramiro Martínez steals 2nd base
2-1: Foul Ball, location: 2F
2-2: Fly out, F6 (Popup, 6)
Batting: LHB José López 0-0: Swinging Strike
0-1: Foul Ball, location: 2F
0-2: Foul Ball, location: 2F
0-2: Fly out, F8 (Flyball, 8LXD)
Bottom of the 1st over - 2 run(s), 3 hit(s), 1 error(s), 1 left on base; Columbia 1 - Lee's Summit 2
TOP OF THE 2ND
Columbia 08s batting - Pitching for Lee's Summit Tigers : RHP Matthew Scott
Batting: RHB Pat Fernández 0-0: Foul Ball, location: 2F
0-1: Swinging Strike
0-2: Ball
1-2: Hit by Pitch
Batting: SHB William Hamilton 0-0: Ball
1-0: Swinging Strike
1-1: Ball
2-1: Ball
3-1: Fly out, F4 (Popup, 34)
Batting: RHB Ben Barker 0-0: Ball
1-0: Foul Ball, location: 2F
1-1: Ball
2-1: Ball
3-1: SINGLE (Line Drive, 56)
Pat Fernández to second
Batting: RHB Henry Fox 0-0: Hit by Pitch
Pat Fernández to third
Ben Barker to second
Batting: RHB Jeffrey Hicks 0-0: Foul Ball, location: 2F
0-1: Ball
1-1: Fly out, F3 (Popup, 3F)
Batting: RHB Irving Galloway 0-0: Foul Ball, location: 2F
0-1: Called Strike
0-2: Strikes out swinging
Top of the 2nd over - 0 run(s), 1 hit(s), 0 error(s), 3 left on base; Columbia 1 - Lee's Summit 2
BOTTOM OF THE 2ND
Lee's Summit Tigers batting - Pitching for Columbia 08s : RHP Joe Wilson
Batting: RHB Flint Todd 0-0: Foul Ball, location: 2F
0-1: Ball
1-1: SINGLE (Line Drive, 34)
Batting: RHB Sidney Ware 0-0: Ball
1-0: Foul Ball, location: 2F
1-1: Ball
Flint Todd is caught stealing 2nd base
2-1: Called Strike
2-2: Ball
3-2: Foul Ball, location: 2F
3-2: Foul Ball, location: 2F
3-2: Strikes out looking
Batting: RHB Gilberto Ferrer 0-0: Ball
1-0: Ball
2-0: Called Strike
2-1: SOLO HOME RUN (Flyball, 9LD), Distance : 329 ft
Batting: SHB Shane Hutchinson 0-0: Ball
1-0: Ball
2-0: Foul Ball, location: 2F
2-1: Called Strike
2-2: Foul Ball, location: 2F
2-2: Strikes out looking
Bottom of the 2nd over - 1 run(s), 2 hit(s), 0 error(s), 0 left on base; Columbia 1 - Lee's Summit 3
TOP OF THE 3RD
Columbia 08s batting - Pitching for Lee's Summit Tigers : RHP Matthew Scott
Batting: RHB Ricardo Salazar 0-0: Swinging Strike
0-1: Ball
1-1: Swinging Strike
1-2: Strikes out looking
Batting: LHB Robert Moore 0-0: Ball
1-0: Called Strike
1-1: Foul Ball, location: 2F
1-2: Ball
2-2: Foul Ball, location: 2F
2-2: SINGLE (Groundball, 34S)
Batting: RHB Chris Jones 0-0: Ball
1-0: Foul Ball, location: 2F
1-1: Grounds into double play, 5-4-3 (Groundball, 56)
Top of the 3rd over - 0 run(s), 1 hit(s), 0 error(s), 0 left on base; Columbia 1 - Lee's Summit 3
BOTTOM OF THE 3RD
Lee's Summit Tigers batting - Pitching for Columbia 08s : RHP Joe Wilson
Batting: LHB Bill Frazier 0-0: Ball
1-0: Called Strike
1-1: Swinging Strike
1-2: Foul Ball, location: 2F
1-2: Ball
2-2: Ball
3-2: Foul Ball, location: 2F
3-2: Ground out 4-3 (Groundball, 4)
Batting: RHB Ed Watkins 0-0: Ball
1-0: Swinging Strike
1-1: Ball
2-1: Foul Ball, location: 2F
2-2: Strikes out swinging
Batting: LHB Ramiro Martínez 0-0: Foul Ball, location: 2F
0-1: SINGLE (Flyball, 8RS)
Batting: LHB Alfredo Sánchez 0-0: Foul Ball, location: 2F
0-1: Ball
1-1: Ball
2-1: Ball
3-1: Swinging Strike
3-2: Strikes out swinging
Bottom of the 3rd over - 0 run(s), 1 hit(s), 0 error(s), 1 left on base; Columbia 1 - Lee's Summit 3
TOP OF THE 4TH
Columbia 08s batting - Pitching for Lee's Summit Tigers : RHP Matthew Scott
Batting: RHB Pat Fernández 0-0: Ball
1-0: Fly out, F6 (Popup, 6M)
Batting: SHB William Hamilton 0-0: Called Strike
0-1: Fly out, F7 (Flyball, 78M)
Batting: RHB Ben Barker 0-0: Ball
1-0: Swinging Strike
1-1: Ball
2-1: Foul Ball, location: 2F
2-2: Ground out 5-3 (Groundball, 5)
Top of the 4th over - 0 run(s), 0 hit(s), 0 error(s), 0 left on base; Columbia 1 - Lee's Summit 3
BOTTOM OF THE 4TH
Lee's Summit Tigers batting - Pitching for Columbia 08s : RHP Joe Wilson
Batting: LHB José López 0-0: Called Strike
0-1: SINGLE (Groundball, 6MD)
Batting: RHB Flint Todd 0-0: Grounds into double play, 1-6-3 (Groundball, 13)
Batting: RHB Sidney Ware 0-0: Ball
1-0: Called Strike
1-1: Ball
2-1: Called Strike
2-2: Fly out, F8 (Line Drive, 8LM)
Bottom of the 4th over - 0 run(s), 1 hit(s), 0 error(s), 0 left on base; Columbia 1 - Lee's Summit 3
TOP OF THE 5TH
Columbia 08s batting - Pitching for Lee's Summit Tigers : RHP Matthew Scott
Batting: RHB Henry Fox 0-0: DOUBLE (Line Drive, 9LM)
Batting: RHB Jeffrey Hicks 0-0: Ball
1-0: SINGLE (Line Drive, 4D)
Henry Fox to third
Batting: RHB Irving Galloway 0-0: Swinging Strike
0-1: Ball
Throwing error on steal attempt, E2
Henry Fox scores
Jeffrey Hicks to third
1-1: SINGLE (Line Drive, 34D)
Jeffrey Hicks scores
Batting: RHB Ricardo Salazar 0-0: Ball
1-0: Called Strike
1-1: Ball
2-1: Grounds into double play, 6-4-3 (Groundball, 6M)
Batting: LHB Robert Moore 0-0: Ball
1-0: Ball
2-0: Ball
3-0: Base on Balls
Batting: RHB Chris Jones 0-0: Called Strike
0-1: Ball
1-1: Ball
2-1: Ground out 6-3 (Groundball, 6)
Top of the 5th over - 2 run(s), 3 hit(s), 1 error(s), 1 left on base; Columbia 3 - Lee's Summit 3
BOTTOM OF THE 5TH
Lee's Summit Tigers batting - Pitching for Columbia 08s : RHP Joe Wilson
Batting: RHB Gilberto Ferrer 0-0: Called Strike
0-1: Ground out 5-3 (Groundball, 5S)
Batting: SHB Shane Hutchinson 0-0: Called Strike
0-1: Ball
1-1: Fly out, F6 (Popup, 6M)
Batting: LHB Bill Frazier 0-0: Ball
1-0: Ball
2-0: Called Strike
2-1: Foul Ball, location: 2F
2-2: Foul Ball, location: 2F
2-2: Foul Ball, location: 2F
2-2: Ball
3-2: Strikes out swinging
Bottom of the 5th over - 0 run(s), 0 hit(s), 0 error(s), 0 left on base; Columbia 3 - Lee's Summit 3
TOP OF THE 6TH
Columbia 08s batting - Pitching for Lee's Summit Tigers : RHP Matthew Scott
Batting: RHB Pat Fernández 0-0: Ball
1-0: Ball
2-0: Ground out 5-3 (Groundball, 56S)
Batting: SHB William Hamilton 0-0: Ball
1-0: SINGLE (Groundball, 3S) (infield hit)
Batting: RHB Ben Barker 0-0: Ball
1-0: Called Strike
1-1: Ball
2-1: Foul Ball, location: 2F
2-2: Fly out, F7 (Flyball, 78M)
Pitching: LHP Jorge Ybarra
Batting: RHB Henry Fox 0-0: Called Strike
0-1: Ground out 5-3 (Groundball, 5S)
Top of the 6th over - 0 run(s), 1 hit(s), 0 error(s), 1 left on base; Columbia 3 - Lee's Summit 3
BOTTOM OF THE 6TH
Lee's Summit Tigers batting - Pitching for Columbia 08s : RHP Joe Wilson
Pitching: LHP Dwight Livingston
Batting: RHB Ed Watkins 0-0: DOUBLE (Flyball, 9LM)
Batting: LHB Ramiro Martínez 0-0: Called Strike
0-1: Ball
1-1: Ball
2-1: Fly out, F4 (Popup, 34D)
Batting: LHB Alfredo Sánchez 0-0: Ball
1-0: Called Strike
1-1: Ball
2-1: Swinging Strike
2-2: Foul Ball, location: 2F
2-2: Reached on error, E3 (Groundball, 3S)
Ed Watkins to third
Batting: LHB José López 0-0: Called Strike
0-1: Ball
1-1: Ball
2-1: Ball
3-1: Called Strike
3-2: Base on Balls
Alfredo Sánchez to second
Batting: RHB Flint Todd 0-0: Called Strike
0-1: Ball
1-1: DOUBLE (Line Drive, 8LD)
Ed Watkins scores
Alfredo Sánchez scores
José López to third
Runner from 3rd tries for Home, SAFE, no throw or cutoff
Batting: RHB Sidney Ware 0-0: Ball
1-0: Ball
2-0: Called Strike
2-1: Called Strike
2-2: 2-RUN HOME RUN (Flyball, 7D), Distance : 352 ft
Pitching: RHP Lewis Sweeney
Batting: RHB Gilberto Ferrer 0-0: Ball
1-0: Ball
2-0: Foul Ball, location: 2F
2-1: Foul Ball, location: 2F
2-2: Ball
3-2: Foul Ball, location: 2F
3-2: Strikes out looking
Batting: SHB Shane Hutchinson 0-0: Ball
1-0: Ground out 4-3 (Groundball, 4)
Bottom of the 6th over - 5 run(s), 3 hit(s), 1 error(s), 0 left on base; Columbia 3 - Lee's Summit 8
TOP OF THE 7TH
Columbia 08s batting - Pitching for Lee's Summit Tigers : LHP Jorge Ybarra
Batting: RHB Jeffrey Hicks 0-0: Called Strike
0-1: Ball
1-1: SINGLE (Groundball, 4MD)
Batting: RHB Irving Galloway 0-0: Called Strike
0-1: Foul Ball, location: 2F
0-2: Ball
Jeffrey Hicks steals 2nd base
1-2: Strikes out swinging
Batting: RHB Ricardo Salazar 0-0: Ball
1-0: Foul Ball, location: 2F
1-1: Fly out, F7 (Flyball, 7LMF)
Batting: LHB Robert Moore 0-0: Ground out 4-3 (Groundball, 34)
Top of the 7th over - 0 run(s), 1 hit(s), 0 error(s), 1 left on base; Columbia 3 - Lee's Summit 8
BOTTOM OF THE 7TH
Lee's Summit Tigers batting - Pitching for Columbia 08s : RHP Lewis Sweeney
Batting: LHB Bill Frazier 0-0: Ball
1-0: Swinging Strike
1-1: Ball
2-1: Foul Ball, location: 2F
2-2: Strikes out looking
Batting: RHB Ed Watkins 0-0: Called Strike
0-1: Ball
1-1: DOUBLE (Flyball, 78D)
Batting: LHB Ramiro Martínez 0-0: Swinging Strike
0-1: Ball
1-1: Ball
2-1: Ball
3-1: Base on Balls
Batting: LHB Alfredo Sánchez 0-0: Ball
1-0: Foul Ball, location: 2F
1-1: Foul Ball, location: 2F
1-2: Ball
2-2: 3-RUN HOME RUN (Flyball, 78XD), Distance : 387 ft
Pitching: LHP Rob Price
Batting: LHB José López 0-0: Ball
1-0: Ball
2-0: Called Strike
2-1: Ball
3-1: Base on Balls
Batting: RHB Flint Todd 0-0: Grounds into double play, 5-4-3 (Groundball, 5)
Bottom of the 7th over - 3 run(s), 2 hit(s), 0 error(s), 0 left on base; Columbia 3 - Lee's Summit 11
TOP OF THE 8TH
Columbia 08s batting - Pitching for Lee's Summit Tigers : LHP Jorge Ybarra
Batting: RHB Chris Jones 0-0: Ball
1-0: Foul Ball, location: 2F
1-1: Ball
2-1: SOLO HOME RUN (Flyball, 7D), Distance : 368 ft
Batting: RHB Pat Fernández 0-0: Foul Ball, location: 2F
0-1: Ball
1-1: Ball
2-1: Fly out, F9 (Flyball, 9D)
Batting: SHB William Hamilton 0-0: Ball
1-0: DOUBLE (Flyball, 89M)
Pinch Hitting: RHB José Orozco 0-0: Fly out, F4 (Line Drive, 4M)
Batting: RHB Henry Fox 0-0: Ball
1-0: Called Strike
1-1: Swinging Strike
1-2: Strikes out swinging
Top of the 8th over - 1 run(s), 2 hit(s), 0 error(s), 1 left on base; Columbia 4 - Lee's Summit 11
BOTTOM OF THE 8TH
Lee's Summit Tigers batting - Pitching for Columbia 08s : LHP Rob Price
Now in LF: José Orozco
Batting: RHB Sidney Ware 0-0: SINGLE (Line Drive, 8LS)
Batting: RHB Gilberto Ferrer 0-0: Bunted foul
0-1: Bunted foul
0-2: Fly out, F8 (Flyball, 8LD)
Batting: SHB Shane Hutchinson 0-0: Ball
1-0: Ball
2-0: Foul Ball, location: 2F
2-1: Swinging Strike
2-2: Ball
3-2: Base on Balls
Sidney Ware to second
Batting: LHB Bill Frazier 0-0: Ball
1-0: Foul Ball, location: 2F
1-1: Swinging Strike
1-2: Strikes out swinging
Batting: RHB Ed Watkins 0-0: SINGLE (Line Drive, 56)
Sidney Ware to third
Shane Hutchinson to second
Batting: LHB Ramiro Martínez 0-0: Called Strike
0-1: Ball
1-1: Foul Ball, location: 2F
1-2: Fly out, F7 (Flyball, 78M)
Bottom of the 8th over - 0 run(s), 2 hit(s), 0 error(s), 3 left on base; Columbia 4 - Lee's Summit 11
TOP OF THE 9TH
Columbia 08s batting - Pitching for Lee's Summit Tigers : LHP Jorge Ybarra
Batting: RHB Jeffrey Hicks 0-0: Foul Ball, location: 2F
0-1: Foul Ball, location: 2F
0-2: Ball
1-2: Ball
2-2: Foul Ball, location: 2F
2-2: Fly out, F8 (Flyball, 8RM)
Pitching: RHP Javier Pacheco
Batting: RHB Irving Galloway 0-0: Ball
1-0: Ball
2-0: Ball
3-0: Base on Balls
Batting: RHB Ricardo Salazar 0-0: Called Strike
0-1: Ball
1-1: Swinging Strike
1-2: Strikes out swinging
Batting: LHB Robert Moore 0-0: Ball
1-0: Ball
2-0: Ball
3-0: Called Strike
3-1: Base on Balls
Irving Galloway to second
Batting: RHB Chris Jones 0-0: Ball
1-0: Called Strike
1-1: Foul Ball, location: 2F
1-2: Ball
2-2: Strikes out looking
Top of the 9th over - 0 run(s), 0 hit(s), 0 error(s), 2 left on base; Columbia 4 - Lee's Summit 11
This league is powered by Out of the Park Baseball, the baseball management simulation game for PC, Mac and Linux
Saturday, April 9th, 2016 - OOTP Baseball 16.8 Build 38